puck, lawful female human Valkyrie ------------- ------- |...........| |.....| |...........| ---------- |^....| |........>..| |.}.}.}.}| |...<.| |...........| ##-..}.}.}.| ----.-- --------.--.- # |.}.....}| # #### ### -----.---- # ## # # # ### ### # # ##-|-------- 1 # ### ##|........| ### # # # ##%#|........| # # -.----- # #|........| ### # |......##### ##### #|........| # ## |.}.}.| # ---.- #|.........### -|----- |}.}.}| ###|....######---------- |d....+ ------- #..}.|# ############` `###2######@#......| |...+# |.....| ----- ------- puck the Warrior Experience level: 14 Strength: 21 Dexterity: 17 Constitution: 18 Intelligence: 12 Wisdom: 16 Charisma: 10 Health: 224(224) Energy: 99(99) Def: 16 Gold: 0 Moves: 37588 Dungeon seed: kbTlBt6DY7IoVL-U Game ID: puck_1559831097 Your Inventory: Weapons h - an uncursed corroded +4 katana (wielded in other hand) I - an uncursed +0 thirsty quarterstaff J - 5 uncursed +0 daggers (in quiver) K - the blessed rustproof +5 Excalibur (weapon in hand) Armor b - an uncursed +0 mummy wrapping e - an uncursed +0 dwarvish mithril-coat of warning named of warning (being worn) q - a blessed +7 elven leather helm (being worn) L - an uncursed +0 pair of leather gloves (being worn) N - an uncursed +0 pair of kicking boots (being worn) Comestibles v - an uncursed lembas wafer z - an uncursed male lizard corpse F - an uncursed sprig of wolfsbane X - an uncursed clove of garlic Potions i - 3 blessed potions of extra healing E - a potion of holy water Scrolls n - an uncursed scroll of teleportation Y - a cursed scroll of teleportation Amulets f - an uncursed amulet of unchanging (being worn) p - an uncursed amulet of reflection O - an uncursed amulet of life saving Rings C - an uncursed ring of fire immunity H - an uncursed ring of slow digestion (on right hand) Q - an uncursed ring of shock immunity R - an uncursed ring of conflict S - an uncursed ring of free action T - an uncursed ring of levitation (on left hand) U - an uncursed ring of protection from shape changers Wands d - an uncursed wand of slow monster (0:2) g - an uncursed wand of digging (0:6) j - an uncursed wand of speed monster (0:1) D - an uncursed wand of striking (0:4) V - an uncursed wand of summoning (0:7) W - an uncursed wand of magic missile (0:7) Tools a - an uncursed sack c - a blessed +0 unicorn horn o - an uncursed skeleton key s - an uncursed stethoscope t - an uncursed tin whistle w - an uncursed towel M - an uncursed +0 unicorn horn Gems r - a blessed touchstone u - an uncursed luckstone Contents of the sack: 4569 gold pieces an uncursed +0 elven cloak a cursed -1 helm of opposite alignment 6 uncursed food rations 4 uncursed lembas wafers 5 uncursed lumps of royal jelly an uncursed potion of extra healing an uncursed potion of fruit juice a cursed potion of healing an uncursed potion of levitation an uncursed potion of monster detection a blessed scroll of blank paper 2 uncursed scrolls of blank paper an uncursed scroll of identify an uncursed scroll of remove curse an uncursed scroll of summoning a blessed scroll of teleportation an uncursed wand of magic missile (0:4) an uncursed wand of striking (0:2) an uncursed can of grease (0:21) an uncursed tinning kit (0:89) Spells and supernatural/magical abilities: Name Level Category Cost Memory h - healing 1 healing 1000pw 96% j - jumping 1 escape 1000pw 57% m - magic missile 2 attack 2000pw 94% p - protection 1 clerical 1000pw 90% s - slow monster 2 enchantment 2000pw 90% u - confuse monster 2 enchantment 2000pw 97% z - sleep 1 enchantment 1000pw 90% C - cancellation 5 matter 5000pw 57% I - identify 2 divination 2000pw 94% O - summoning 2 clerical 2000pw 63% R - restore ability 4 healing 4000pw 43% S - stone to flesh 3 healing 3000pw 63% W - pray for help -- divine ? -- Your skills at the end: Fighting Skills bare handed combat [Basic] two weapon combat [Skilled] wands [Skilled] Weapon Skills dagger [Basic] long sword [Expert] Spellcasting Skills Final Attributes: You were piously aligned. You were immune to cold. You were sleep resistant. You were poison resistant. You were level-drain resistant. You saw invisible. You were telepathic. You were warned. You were invisible. You were stealthy. You were levitating. You had slower digestion. You could not change form. You were fast. You were wielding two weapons at once. You were extremely lucky. You had extra luck. Bad luck did not time out for you. Good luck did not time out for you. You got a gift from your god 7225 turns ago. Tyr was pleased with you. You are dead. Vanquished creatures: a glass golem a baluchitherium a titanothere a shopkeeper a lich a lurker above a vampire 8 ghosts a ranger 2 queen bees 3 giant mimics an ice troll an umber hulk a flesh golem a large mimic 2 wumpuses a fire vortex 2 long worms 5 stalkers an air elemental an earth elemental a black naga a giant zombie 4 wargs 2 small mimics a glass piercer 2 warhorses 3 xans an ettin mummy an ogre lord 3 quantum mechanics a troll a wood golem an electric eel a pyrolisk 2 large dogs 4 freezing spheres 3 flaming spheres 3 shocking spheres 2 large cats 4 tigers 3 gargoyles 2 tengu an ochre jelly 4 leocrottas 2 mountain centaurs 2 elf mummies 3 human mummies a red naga a pit viper a python a cobra a wraith a leather golem 3 Grey-elves 6 soldiers a watchman an incubus 4 chameleons 3 crocodiles 5 giant beetles 3 quivering blobs 5 cockatrices 15 wolves a winter wolf cub a lynx 3 gremlins a spotted jelly 3 leprechauns 4 orc-captains 6 iron piercers 4 mumakil 4 giant spiders 7 scorpions 2 horses an ice vortex 2 black lights 5 vampire bats 3 forest centaurs 5 gnome kings an orc mummy 4 dwarf mummies 2 ogres 15 brown puddings 3 rust monsters 3 owlbears 4 yetis 2 gold golems 4 werewolves a Green-elf a piranha 4 giant eels 9 lizards 3 chickatrices 2 dogs a dingo 3 housecats a dwarf lord 5 blue jellies a white unicorn 4 gray unicorns 2 black unicorns 3 ravens 2 plains centaurs a gnome mummy a snake 3 water moccasins 8 apes 5 human zombies 3 rope golems 11 Woodland-elves 10 soldier ants 12 fire ants 9 bugbears an imp a quasit 5 wood nymphs 5 water nymphs 7 mountain nymphs 18 Mordor orcs 21 Uruk-hai an orc shaman 11 rock piercers 4 rock moles 11 ponies 7 fog clouds 7 yellow lights 2 shriekers 7 violet fungi 19 gnome lords 11 gnomish wizards 4 kobold mummies 2 red naga hatchlings 3 black naga hatchlings 4 gray oozes 3 barrow wights 8 elf zombies 4 ghouls 2 straw golems 4 paper golems 3 baby crocodiles 7 giant ants a little dog 7 floating eyes 6 kittens 7 dwarves 3 homunculi 8 kobold lords a kobold shaman 26 hill orcs 5 rothes 2 rabid rats a centipede 6 giant bats a monkey 4 orc zombies 5 dwarf zombies 3 wererats 2 werejackals 9 iguanas 48 killer bees 7 acid blobs 7 coyotes 3 gas spores 5 hobbits 26 manes a large kobold 10 hobgoblins 11 giant rats 15 cave spiders a brown mold 5 yellow molds 2 red molds 59 gnomes 8 garter snakes 9 gnome zombies 14 geckos 11 jackals 9 foxes a kobold 5 goblins 8 sewer rats 13 grid bugs 8 bats 9 lichens 2 kobold zombies 14 newts 932 creatures vanquished. Voluntary challenges: You had been an atheist until turn 5557. You used a wielded weapon 1847 times, starting on turn 94. You read items or engraved 109 times, starting on turn 3221. You never genocided any monsters. You polymorphed 201 items, starting on turn 24409. You changed form 3 times, starting on turn 7872. You used no wishes. You split 11 puddings, starting on turn 2618. You never wrote Elbereth's name. You violated your moral code, losing 211 points of alignment, starting on turn 10791. Dungeon overview: The Dungeons of Doom: levels 1 to 21 Level 1 a fountain a long staircase Level 2 a delicatessen Level 3 some fountains Level 4 a fountain, a sink stairs to The Gnomish Mines Level 5 a delicatessen Level 6 some fountains Level 7 stairs to Sokoban Level 8 a vault Level 9 a fountain Level 10 Level 11 Level 12 Level 13 a sink, a vault Level 14 Level 15 Level 16 an altar to Odin, some fountains Level 17 a fountain, a vault Level 18 a general store Level 19 a fountain, a vault Level 20 <- You were here Level 21 a vault The Gnomish Mines: levels 5 to 12 Level 5 stairs to The Dungeons of Doom Level 6 Level 7 many shops, a temple to Tyr, some fountains, a sink Level 8 Level 9 Level 10 Level 11 Level 12 a fountain Sokoban: levels 3 to 6 Level 3 Solved Level 4 Solved Level 5 Solved Level 6 Solved stairs to The Dungeons of Doom History has recorded: On T:1 you entered the Dungeons of Doom to retrieve the Amulet of Yendor! On T:419 you reached level 2 of The Dungeons of Doom. On T:697 you advanced to experience level 2. On T:860 you reached level 3 of The Dungeons of Doom. On T:912 you advanced to experience level 3. On T:1224 you reached level 4 of The Dungeons of Doom. On T:1277 you advanced to experience level 4. On T:1662 you reached level 1 of The Gnomish Mines. On T:1747 you advanced to experience level 5. On T:1945 you reached level 5 of The Dungeons of Doom. On T:2413 you advanced to experience level 6. On T:2495 you reached level 6 of The Dungeons of Doom. On T:3073 you reached level 4 of Sokoban. On T:3214 you advanced to experience level 7. On T:3460 you reached level 8 of The Dungeons of Doom. On T:4788 you reached level 2 of The Gnomish Mines. On T:4855 you advanced to experience level 8. On T:5217 you reached level 3 of The Gnomish Mines. On T:6122 you reached level 4 of The Gnomish Mines. On T:6778 you reached level 5 of The Gnomish Mines. On T:7198 you reached level 6 of The Gnomish Mines. On T:7272 you advanced to experience level 9. On T:7562 you reached level 7 of The Gnomish Mines. On T:8498 you reached level 8 of The Gnomish Mines. On T:11569 you reached level 3 of Sokoban. On T:12266 you reached level 2 of Sokoban. On T:12638 you reached level 1 of Sokoban. On T:14115 you advanced to experience level 10. On T:14493 you reached level 9 of The Dungeons of Doom. On T:14817 you reached level 10 of The Dungeons of Doom. On T:15064 you reached level 11 of The Dungeons of Doom. On T:15417 you reached level 12 of The Dungeons of Doom. On T:16215 you reached level 13 of The Dungeons of Doom. On T:25023 you advanced to experience level 11. On T:30363 you received Mjollnir from Tyr. On T:31890 you advanced to experience level 12. On T:33250 you reached level 14 of The Dungeons of Doom. On T:33633 you reached level 15 of The Dungeons of Doom. On T:34161 you reached level 16 of The Dungeons of Doom. On T:34617 you reached level 17 of The Dungeons of Doom. On T:35299 you reached level 18 of The Dungeons of Doom. On T:35357 you reached level 21 of The Dungeons of Doom. On T:35460 you advanced to experience level 13. On T:36513 you reached level 19 of The Dungeons of Doom. On T:37152 you reached level 20 of The Dungeons of Doom. On T:37299 you advanced to experience level 14. Score breakdown: Gold: 4569 (12449 points) Experience: 14 levels (20086 points) Exploration: 21 levels ( 43.75%) (19569 points) Discoveries: 116 items ( 46.40%) (20435 points) Valuables value: (no points given unless you survive) Artifact value: 4000 (12253 points) Variety of kills: 187 monsters ( 49.21%) (21045 points) Turncount: 37588 turns (-4334 points) Survival: died (score multiplied by 80%) Total score: 81202 Latest messages: You take off your ring of levitation. You float gently to the floor. You see here an elven cloak. You have a little trouble lifting y - an elven cloak. You put an elven cloak into the sack. You start to float in the air! You are now wearing a ring of levitation. You displace your enslaved large dog. You hit the giant eel! (4x) The giant eel misses. The giant eel brushes against your leg. You hit the giant eel! You kill the giant eel! You hear a distant zap. The death ray hits you! For some reason, you think that you can almost hear the Wizard laugh manically... Final status: Farvel puck the Valkyrie, killed by a death ray... You died in The Dungeons of Doom on dungeon level 20 with 81202 points, and 4569 pieces of gold, after 37588 moves. You were level 14 with a maximum of 224 hit points when you died.